 Dungeon Crawl Stone Soup version 0.23.0-3-gf3c87f2df8 (webtiles) character file.

Game seed: 13124051619595636653

363 Kass the Skirmisher (level 7, -1/56 HPs)
             Began as a Formicid Fighter on Feb 21, 2019.
             Killed from afar by Dowan (17 damage)
             ... with a shard of ice
             ... on level 4 of the Dungeon.
             The game lasted 00:10:47 (2901 turns).

Kass the Skirmisher (Formicid Fighter)              Turns: 2901, Time: 00:10:49

Health: -1/56      AC: 10    Str: 20    XL:     7   Next: 0%
Magic:  7/7        EV:  9    Int: 10    God:
Gold:   154        SH:  9    Dex: 10    Spells: 6/6 levels left

rFire    . . .     SeeInvis +   a - +0 war axe
rCold    . . .     Gourm    +   c - +0 shield
rNeg     . . .     Faith    .   w - +0 steam dragon scales
rPois    .         Spirit   .   (helmet unavailable)
rElec    .         Reflect  .   e - +0 cloak
rCorr    .         Harm     .   u - +2 pair of gloves
MR       .....                  (no boots)
Stlth    +.........             h - amulet of the gourmand
HPRegen  0.18/turn              (no ring)
MPRegen  0.10/turn              m - ring of teleportation

@: no status effects
A: permanent stasis, dig shafts and tunnels, four strong arms, antennae 3
a: Dig, Shaft Self


You were on level 4 of the Dungeon.
You were completely stuffed.

You visited 1 branch of the dungeon, and saw 4 of its levels.
You also visited: Sewer.

You collected 154 gold pieces.

Inventory:

Hand Weapons
 a - a +0 war axe (weapon)
Armour
 b - a +0 scale mail
 c - a +0 shield (worn)
 e - a +0 cloak (worn)
 s - a +0 chain mail
 u - a +2 pair of gloves (worn)
 w - +0 steam dragon scales (worn)
Jewellery
 h - an amulet of the gourmand (around neck)
 l - an uncursed ring of attention
 m - a ring of teleportation (right hand)
 n - an uncursed amulet of faith
Wands
 v - a wand of paralysis (6)
Scrolls
 g - 5 scrolls of identify
 i - a scroll of remove curse
 r - 2 scrolls of blinking
 t - a scroll of amnesia
 x - a scroll of magic mapping
 y - a scroll of fog
 C - a scroll of immolation {unknown}
Potions
 d - 2 potions of might
 j - 4 potions of flight {unknown}
 k - a potion of agility {unknown}
 o - a potion of berserk rage {unknown}
 p - a potion of haste {unknown}
 q - a potion of degeneration {unknown}
 z - 2 potions of lignification {unknown}
 B - a potion of curing
Comestibles
 f - 6 rations
 A - a chunk of flesh


   Skills:
 + Level 5.6 Fighting
 + Level 4.6 Axes
 + Level 3.9 Armour
 + Level 4.3 Shields


You had 6 spell levels left.
You didn't know any spells.
Your spell library was empty.

Dungeon Overview and Level Annotations

Branches:
Dungeon (4/15)
 Temple: D:4-7

Altars:
Makhleb
Sif Muna
Yredelemnul

Annotations:
D:4 Dowan


Innate Abilities, Weirdness & Mutations

You cannot be hasted, slowed, berserked, paralysed or teleported.
You can dig through walls and to a lower floor.
Your four strong arms can wield two-handed weapons with a shield.
You have a pair of large antennae on your head. (SInv)


Message History

Dowan casts a spell.
Dowan blinks!
Dowan hits you with a +0 dagger.
You closely miss Dowan.
Dowan is severely wounded.
You block Dowan's attack. Dowan hits you but does no damage.
You hit Dowan.
Dowan is severely wounded.
You are no longer glowing.
Dowan mumbles some strange words.
Dowan blinks!
Dowan gestures at you while chanting. The stone arrow misses you.
Dowan casts a spell at you. The stone arrow hits you!
* * * LOW HITPOINT WARNING * * *
Dowan shakes with grief.
Dowan points at you and mumbles some strange words.
The shard of ice hits you!
You die...

# #..... ## #
##.....####.# #
#........... #
#.......... # #.........
# #.....e.########## #
#.......##.......######
#.(..)@<.#.......#.....
+.....ยง..#.......'.....
#........#.......#.....
#.......#####'#####...#
#.......##.......##...#
#>......##........#....
...................#..).
....................#....
......<.............#....


You could see Dowan.

Vanquished Creatures
  Duvessa (D:4)
  A crocodile (Sewer)
  A worker ant (D:4)
  7 adders
  An ooze (D:1)
  3 worms
  2 dart slugs
  4 leopard geckos
  An orc (D:3)
  3 bats
  9 giant cockroaches
  9 goblins
  7 hobgoblins
  8 jackals
  3 frilled lizards
  12 kobolds
  7 rats
79 creatures vanquished.

Notes
Turn   | Place    | Note
-------+----------+-------------------------------------------
     0 | D:1      | Kass the Formicid Fighter began the quest for the Orb.
     0 | D:1      | Reached XP level 1. HP: 18/18 MP: 1/1
   137 | D:1      | Reached XP level 2. HP: 24/24 MP: 2/2
   422 | D:1      | Reached XP level 3. HP: 30/30 MP: 3/3
   734 | D:2      | Reached skill level 4 in Fighting
   761 | D:2      | Found a basalt altar of Yredelemnul.
  1153 | D:2      | Reached XP level 4. HP: 35/37 MP: 4/4
  1455 | D:2      | Found a deep blue altar of Sif Muna.
  1471 | D:2      | Found a burning altar of Makhleb.
  1846 | D:3      | Found a glowing drain.
  1850 | Sewer    | Entered a sewer
  1933 | Sewer    | Noticed a crocodile
  1941 | Sewer    | Killed a crocodile
  1941 | Sewer    | Reached skill level 5 in Fighting
  1941 | Sewer    | Reached XP level 5. HP: 35/44 MP: 5/5
  2324 | D:3      | Reached XP level 6. HP: 51/51 MP: 6/6
  2865 | D:4      | Noticed Dowan
  2868 | D:4      | Noticed Duvessa
  2889 | D:4      | Killed Duvessa
  2889 | D:4      | Reached XP level 7. HP: 31/56 MP: 7/7
  2901 | D:4      | Killed from afar by Dowan

Skill      XL: |  1  2  3  4  5  6 |
---------------+-------------------+-----
Fighting       | 4 5 |  5.6
Axes           | 3 4 |  4.6
Shields        | 4 |  4.3
Armour         | |  3.9

Action                   |  1- 3 |  4- 6 |  7- 9 || total
-------------------------+-------+-------+-------++-------
Melee: War axe           |   118 |   198 |     9 ||   325
  Use: Scroll            |     2 |     8 |       ||    10
       Potion            |     1 |       |       ||     1
  Eat: Chunk             |     1 |    17 |       ||    18
Armor: Scale mail        |    65 |    10 |       ||    75
       Chain mail        |       |    61 |       ||    61
       Steam dragon scal |       |    36 |     2 ||    38
Dodge: Dodged            |    45 |    38 |     6 ||    89
Block: Shield            |    72 |   122 |     7 ||   201
